AoeStats
← SillyOleMe

Lombardia

508156982Analyzed
2v2 RM · 12d ago on Sep 21, 2026· 47m 35s· 4 players
Game mode
Random Map
Map size
Medium (4 player)
Population
200
Speed
Normal
Resources
Standard
Victory
Conquest
Starting age
Dark Age
Ending age
Imperial Age
RankedLock teamsTeams togetherTeam positionsShared explorationLock speedFull tech treeHidden civsTurbo modeCheats
Victory
Defeat
🇺🇸 Mongols · United States
998
+14
🇺🇸 Britons · United States
949
+16
🇨🇱 Britons · Chile
952
-15
🇨🇱 Khitans · Chile
952
-15
Ser Marco San
8:17 Loom
11:18 Feudal Age
12:01 Double-Bit Axe
13:50 Forging
16:00 Domestication
22:14 Padded Archer Armor
23:43 Fletching
29:59 Castle Age
28:23 Gold Mining
30:16 Scale Barding Armor
31:26 Light Cavalry
32:12 Husbandry
34:46 Leather Archer Armor
34:11 Elite Skirmisher
38:31 Pastoralism
40:20 Iron Casting
41:48 Bow Saw
43:54 Wheelbarrow
44:39 Bodkin Arrow
Bilous
3:06 Loom
12:07 Feudal Age
13:54 Double-Bit Axe
23:26 Castle Age
23:32 Padded Archer Armor
27:24 Elite Skirmisher
29:44 Elite Skirmisher
33:17 Wheelbarrow
35:04 Fletching
35:45 Horse Collar
37:19 Town Watch
44:40 Imperial Age
43:31 Bodkin Arrow
44:03 Yeomen
45:17 Bodkin Arrow
46:15 Ballistics
46:57 Chemistry
47:15 Conscription
SillyOleMe
5:22 Loom
9:53 Feudal Age
8:09 Loom
10:58 Double-Bit Axe
12:55 Bloodlines
14:02 Horse Collar
23:21 Gold Mining
25:49 Castle Age
26:29 Wheelbarrow
27:03 Stone Mining
28:09 Scale Barding Armor
27:55 Fletching
28:05 Padded Archer Armor
30:09 Bow Saw
30:11 Heavy Plow
33:32 Bodkin Arrow
33:52 Leather Archer Armor
33:58 Chain Barding Armor
33:48 Forging
34:05 Hand Cart
34:32 Husbandry
35:23 Thumb Ring
35:37 Light Cavalry
38:01 Ballistics
37:37 Murder Holes
39:58 Caravan
43:00 Iron Casting
45:18 Imperial Age
45:29 Elite Mangudai
46:10 Nomads
ulmerb
4:59 Loom
9:55 Feudal Age
10:34 Double-Bit Axe
16:08 Fletching
16:19 Padded Archer Armor
23:09 Castle Age
21:07 Gold Mining
21:09 Stone Mining
24:48 Bow Saw
25:15 Gold Shaft Mining
24:11 Crossbowman
25:57 Wheelbarrow
25:24 Horse Collar
27:12 Hand Cart
28:06 Heavy Plow
30:18 Bodkin Arrow
31:40 Ballistics
31:52 Leather Archer Armor
38:31 Imperial Age
36:35 Yeomen
38:51 Elite Longbowman
40:38 Two-Man Saw
39:52 Bracer
40:59 Chemistry
40:51 Ring Archer Armor
42:07 Town Watch
43:43 Conscription
Connection lost

Rejoining the realm…

Still unreachable

The connection could not be restored.

Session expired

The server has moved on; the page needs a fresh start.